SAA
MARQUETTE MINERS @ BELVEDERE PARK RAWHIDES
07/14/2025
 
TOP OF THE 1ST
Marquette Miners batting - Pitching for Belvedere Park Rawhides : RHP Ricardo Suárez
Pitching: RHP Ricardo Suárez
Batting: LHB Dong-hwan Yun 0-0: Ground out 1-3 (Groundball, P)
Batting: LHB Greg Gross 0-0: Ball
1-0: Ball
2-0: Ground out 1-3 (Groundball, 13S)
Batting: LHB Dale Miller 0-0: Ground out 3-1 (Groundball, 23)
Top of the 1st over - 0 run(s), 0 hit(s), 0 error(s), 0 left on base; Marquette 0 - Belvedere Park 0
BOTTOM OF THE 1ST
Belvedere Park Rawhides batting - Pitching for Marquette Miners : LHP Luis Ortíz
Pitching: LHP Luis Ortíz
Batting: RHB Marlon Cummins 0-0: Called Strike
0-1: Foul Ball, location: 2F
0-2: Ball
1-2: Ground out 5-3 (Groundball, 56)
Batting: SHB Manuel González 0-0: Ball
1-0: Fly out, F9 (Flyball, 9LSF)
Batting: LHB António Serrano 0-0: Called Strike
0-1: Fly out, F8 (Flyball, 8LD)
Bottom of the 1st over - 0 run(s), 0 hit(s), 0 error(s), 0 left on base; Marquette 0 - Belvedere Park 0
TOP OF THE 2ND
Marquette Miners batting - Pitching for Belvedere Park Rawhides : RHP Ricardo Suárez
Batting: RHB Will Thomas 0-0: Ball
1-0: Fly out, F8 (Flyball, 78M)
Batting: LHB Locke Lamora 0-0: Called Strike
0-1: SINGLE (Flyball, 9LS)
Batting: RHB Isaac Downey 0-0: Ball
1-0: Ball
Locke Lamora is caught stealing 2nd base
2-0: Called Strike
2-1: Ball
3-1: Base on Balls
Batting: LHB Ramón Hernández 0-0: Ball
1-0: Foul Ball, location: 2F
1-1: Swinging Strike
1-2: Ball
2-2: Ball
Isaac Downey steals 2nd base
3-2: Foul Ball, location: 2F
3-2: Foul Ball, location: 2F
3-2: Base on Balls
Batting: RHB Derrek Conklin 0-0: Fielders Choice at 2nd, 5-4 (Groundball, 56)
Top of the 2nd over - 0 run(s), 1 hit(s), 0 error(s), 1 left on base; Marquette 0 - Belvedere Park 0
BOTTOM OF THE 2ND
Belvedere Park Rawhides batting - Pitching for Marquette Miners : LHP Luis Ortíz
Batting: RHB Casey Cavell 0-0: SINGLE (Line Drive, 56D)
Batting: RHB Hugo Rampley 0-0: Called Strike
0-1: Foul Ball, location: 2F
0-2: Strikes out swinging
Batting: RHB Jesús Calderón 0-0: Called Strike
0-1: SINGLE (Line Drive, 78S)
Casey Cavell to second
Batting: RHB Fernando Rutledge 0-0: Fielders Choice at 3rd, U5 (Groundball, 5L)
Jesús Calderón to second
Batting: LHB José Pérez 0-0: Ball
1-0: Ball
2-0: Foul Ball, location: 2F
2-1: Ball
3-1: Called Strike
3-2: Strikes out looking
Bottom of the 2nd over - 0 run(s), 2 hit(s), 0 error(s), 2 left on base; Marquette 0 - Belvedere Park 0
TOP OF THE 3RD
Marquette Miners batting - Pitching for Belvedere Park Rawhides : RHP Ricardo Suárez
Batting: RHB Carlos Trujillo 0-0: Fly out, F7 (Flyball, 7S)
Batting: LHB Dong-hwan Yun 0-0: Ball
1-0: SINGLE (Line Drive, 34D)
Batting: LHB Greg Gross 0-0: Swinging Strike
0-1: Ball
1-1: Ground out 4-3 (Groundball, 34)
Dong-hwan Yun to second
Batting: LHB Dale Miller 0-0: Fly out, F2 (Popup, 3S)
Top of the 3rd over - 0 run(s), 1 hit(s), 0 error(s), 1 left on base; Marquette 0 - Belvedere Park 0
BOTTOM OF THE 3RD
Belvedere Park Rawhides batting - Pitching for Marquette Miners : LHP Luis Ortíz
Batting: RHB Marshall Lamar 0-0: Called Strike
0-1: Ball
1-1: Foul Ball, location: 2F
1-2: Ball
2-2: Fly out, F6 (Line Drive, 6)
Batting: RHB Marlon Cummins 0-0: Ball
1-0: Foul Ball, location: 2F
1-1: SOLO HOME RUN (Line Drive, 7D), Distance : 418 ft
Batting: SHB Manuel González 0-0: SINGLE (Line Drive, 78M)
Batting: LHB António Serrano 0-0: Called Strike
0-1: Ball
1-1: Swinging Strike
1-2: Ball
2-2: Fly out, F8 (Flyball, 8RS)
Batting: RHB Casey Cavell 0-0: Called Strike
0-1: Swinging Strike
0-2: Strikes out swinging
Bottom of the 3rd over - 1 run(s), 2 hit(s), 0 error(s), 1 left on base; Marquette 0 - Belvedere Park 1
TOP OF THE 4TH
Marquette Miners batting - Pitching for Belvedere Park Rawhides : RHP Ricardo Suárez
Batting: RHB Will Thomas 0-0: Ball
1-0: Called Strike
1-1: Fly out, F6 (Flyball, 56D)
Batting: LHB Locke Lamora 0-0: Called Strike
0-1: Ball
1-1: SINGLE (Line Drive, 6MD)
Batting: RHB Isaac Downey 0-0: Ball
1-0: Ball
Wild Pitch!
Locke Lamora to second
2-0: Ball
3-0: Called Strike
3-1: Foul Ball, location: 2F
3-2: SINGLE (Line Drive, 8LS)
Locke Lamora to third
Batting: LHB Ramón Hernández 0-0: Swinging Strike
0-1: Foul Ball, location: 2F
0-2: SINGLE (Line Drive, 8LS)
Locke Lamora scores
Isaac Downey to second
Batting: RHB Derrek Conklin 0-0: Ball
1-0: Fielders Choice at 2nd, 6-4 (Groundball, 6)
Isaac Downey to third
Batting: RHB Carlos Trujillo 0-0: Called Strike
0-1: Ball
1-1: Called Strike
1-2: Ball
2-2: Fielders Choice at 2nd, 5-4 (Groundball, 56)
Top of the 4th over - 1 run(s), 3 hit(s), 0 error(s), 1 left on base; Marquette 1 - Belvedere Park 1
BOTTOM OF THE 4TH
Belvedere Park Rawhides batting - Pitching for Marquette Miners : LHP Luis Ortíz
Batting: RHB Hugo Rampley 0-0: Ground out 3-1 (Groundball, 34S)
Batting: RHB Jesús Calderón 0-0: Ball
1-0: Foul Ball, location: 2F
1-1: Foul Ball, location: 2F
1-2: Ground out 1-3 (Groundball, 13S)
Batting: RHB Fernando Rutledge 0-0: Called Strike
0-1: Ball
1-1: DOUBLE (Line Drive, 7LM)
Batting: LHB José Pérez 0-0: Ball
1-0: Swinging Strike
1-1: Swinging Strike
1-2: Ground out 5-3 (Groundball, 56S)
Bottom of the 4th over - 0 run(s), 1 hit(s), 0 error(s), 1 left on base; Marquette 1 - Belvedere Park 1
TOP OF THE 5TH
Marquette Miners batting - Pitching for Belvedere Park Rawhides : RHP Ricardo Suárez
Batting: LHB Dong-hwan Yun 0-0: Swinging Strike
0-1: Called Strike
0-2: Ball
1-2: Strikes out swinging, 2-3 out at first.
Batting: LHB Greg Gross 0-0: SINGLE (Groundball, 34D)
Batting: LHB Dale Miller 0-0: Called Strike
0-1: Grounds into double play, 5-4-3 (Groundball, 56)
Top of the 5th over - 0 run(s), 1 hit(s), 0 error(s), 0 left on base; Marquette 1 - Belvedere Park 1
BOTTOM OF THE 5TH
Belvedere Park Rawhides batting - Pitching for Marquette Miners : LHP Luis Ortíz
Batting: RHB Marshall Lamar 0-0: Called Strike
0-1: Foul Ball, location: 2F
0-2: Fly out, F2 (Popup, 25)
Batting: RHB Marlon Cummins 0-0: Swinging Strike
0-1: Swinging Strike
0-2: Ball
1-2: Strikes out swinging
Batting: SHB Manuel González 0-0: Called Strike
0-1: Ball
1-1: SINGLE (Line Drive, 6MD)
Batting: LHB António Serrano 0-0: Ball
1-0: Foul Ball, location: 2F
1-1: Foul Ball, location: 2F
1-2: Ball
2-2: Ball
3-2: Foul Ball, location: 2F
3-2: Fly out, F3 (Line Drive, 3)
Bottom of the 5th over - 0 run(s), 1 hit(s), 0 error(s), 1 left on base; Marquette 1 - Belvedere Park 1
TOP OF THE 6TH
Marquette Miners batting - Pitching for Belvedere Park Rawhides : RHP Ricardo Suárez
Batting: RHB Will Thomas 0-0: Ball
1-0: Ball
2-0: Called Strike
2-1: Ball
3-1: Foul Ball, location: 2F
3-2: Base on Balls
Batting: LHB Locke Lamora 0-0: Foul Ball, location: 2F
0-1: Foul Ball, location: 2F
0-2: Foul Ball, location: 2F
0-2: Ball
1-2: SINGLE (Groundball, 6D)
Will Thomas to second
Batting: RHB Isaac Downey 0-0: SINGLE (Line Drive, 78M)
Will Thomas to third
Locke Lamora to second
Runner from 3rd tries for Home, SAFE, no throw
Batting: LHB Ramón Hernández 0-0: Bunted foul
0-1: Ball
1-1: Sac Bunt - play at first, batter OUT! 5-4
Locke Lamora to third
Isaac Downey to second
Batting: RHB Derrek Conklin 0-0: Ball
1-0: Fly out, F9 (Flyball, 9)
Runner from 3rd tags up, SCORES, no throw
Batting: RHB Carlos Trujillo 0-0: Called Strike
0-1: Swinging Strike
0-2: Hit by Pitch
Batting: LHB Dong-hwan Yun 0-0: SINGLE (Line Drive, 9S)
Isaac Downey to third
Carlos Trujillo to second
Batting: LHB Greg Gross 0-0: Ball
1-0: Called Strike
1-1: Foul Ball, location: 2F
1-2: Foul Ball, location: 2F
1-2: Ball
2-2: Fielders Choice at 2nd, U6 (Groundball, 6M)
Top of the 6th over - 2 run(s), 3 hit(s), 0 error(s), 3 left on base; Marquette 3 - Belvedere Park 1
BOTTOM OF THE 6TH
Belvedere Park Rawhides batting - Pitching for Marquette Miners : LHP Luis Ortíz
Batting: RHB Casey Cavell 0-0: Ball
1-0: Fly out, F9 (Flyball, 9)
Batting: RHB Hugo Rampley 0-0: Ball
1-0: Ball
2-0: Called Strike
2-1: Foul Ball, location: 2F
2-2: Ground out 5-3 (Groundball, 56)
Batting: RHB Jesús Calderón 0-0: Called Strike
0-1: Swinging Strike
0-2: Ball
1-2: Foul Ball, location: 2F
1-2: Ball
2-2: Ball
3-2: Strikes out swinging
Bottom of the 6th over - 0 run(s), 0 hit(s), 0 error(s), 0 left on base; Marquette 3 - Belvedere Park 1
TOP OF THE 7TH
Marquette Miners batting - Pitching for Belvedere Park Rawhides : RHP Ricardo Suárez
Batting: LHB Dale Miller 0-0: Ground out 4-3 (Groundball, 4)
Batting: RHB Will Thomas 0-0: Ball
1-0: Foul Ball, location: 2F
1-1: Called Strike
1-2: Foul Ball, location: 2F
1-2: Strikes out swinging
Batting: LHB Locke Lamora 0-0: Foul Ball, location: 2F
0-1: SINGLE (Flyball, 9S)
Batting: RHB Isaac Downey 0-0: Ball
1-0: Foul Ball, location: 2F
1-1: Swinging Strike
1-2: Foul Ball, location: 2F
1-2: Fly out, F9 (Flyball, 9LMF)
Top of the 7th over - 0 run(s), 1 hit(s), 0 error(s), 1 left on base; Marquette 3 - Belvedere Park 1
BOTTOM OF THE 7TH
Belvedere Park Rawhides batting - Pitching for Marquette Miners : LHP Luis Ortíz
Batting: RHB Fernando Rutledge 0-0: Ball
1-0: Ground out 6-3 (Groundball, 6)
Batting: LHB José Pérez 0-0: Ball
1-0: Reached on error, E4 (Groundball, 34)
Batting: RHB Marshall Lamar 0-0: Ball
1-0: Called Strike
1-1: Foul Ball, location: 2F
1-2: Ball
2-2: Strikes out swinging
Batting: RHB Marlon Cummins 0-0: Ball
1-0: Foul Ball, location: 2F
1-1: Ball
2-1: Fly out, F6 (Line Drive, 6)
Bottom of the 7th over - 0 run(s), 0 hit(s), 1 error(s), 1 left on base; Marquette 3 - Belvedere Park 1
TOP OF THE 8TH
Marquette Miners batting - Pitching for Belvedere Park Rawhides : RHP Ricardo Suárez
Pitching: LHP Jim Unknown
Batting: LHB Ramón Hernández 0-0: Ball
1-0: Fly out, F7 (Line Drive, 78M)
Batting: RHB Derrek Conklin 0-0: Swinging Strike
0-1: Swinging Strike
0-2: Ball
1-2: Ball
2-2: Strikes out swinging
Batting: RHB Carlos Trujillo 0-0: Swinging Strike
0-1: Called Strike
0-2: Foul Ball, location: 2F
0-2: Strikes out swinging
Top of the 8th over - 0 run(s), 0 hit(s), 0 error(s), 0 left on base; Marquette 3 - Belvedere Park 1
BOTTOM OF THE 8TH
Belvedere Park Rawhides batting - Pitching for Marquette Miners : LHP Luis Ortíz
Batting: SHB Manuel González 0-0: Called Strike
0-1: Ball
1-1: Ball
2-1: DOUBLE (Line Drive, 7LD)
Batting: LHB António Serrano 0-0: Ball
1-0: Ball
2-0: Called Strike
2-1: Fly out, F8 (Flyball, 8LM)
Batting: RHB Casey Cavell 0-0: Fly out, F9 (Flyball, 9LSF)
Batting: RHB Hugo Rampley 0-0: SINGLE (Flyball, 7LS)
Manuel González to third
Runner from 3rd tries for Home, SAFE, no throw
Batting: RHB Jesús Calderón 0-0: Ball
1-0: Ball
2-0: Foul Ball, location: 2F
2-1: Fielders Choice at 2nd, 6-4 (Groundball, 6)
Bottom of the 8th over - 1 run(s), 2 hit(s), 0 error(s), 0 left on base; Marquette 3 - Belvedere Park 2
TOP OF THE 9TH
Marquette Miners batting - Pitching for Belvedere Park Rawhides : LHP Jim Unknown
Pitching: LHP Jim Unknown
Batting: LHB Dong-hwan Yun 0-0: Ball
1-0: Foul Ball, location: 2F
1-1: Ball
2-1: Ball
3-1: Foul Ball, location: 2F
3-2: Base on Balls
Pitching: RHP Dino Moonglampers
Batting: LHB Greg Gross 0-0: Ball
1-0: Sac Bunt - play at first, batter OUT! 1-4
Dong-hwan Yun to second
Batting: LHB Dale Miller 0-0: Intentional Walk
Batting: RHB Will Thomas 0-0: Ball
1-0: Grounds into double play, 6-4-3 (Groundball, 6)
Top of the 9th over - 0 run(s), 0 hit(s), 0 error(s), 1 left on base; Marquette 3 - Belvedere Park 2
BOTTOM OF THE 9TH
Belvedere Park Rawhides batting - Pitching for Marquette Miners : LHP Luis Ortíz
Pitching: RHP Addick Lubbers
Pinch Hitting: RHB Ralph McKnight 0-0: Ball
1-0: Ball
2-0: Ball
3-0: Called Strike
3-1: Base on Balls
Batting: LHB José Pérez 0-0: Ball
1-0: Bunt - Flyout! F2
Pinch Hitting: RHB Victorino Navarro 0-0: Ball
1-0: Foul Ball, location: 2F
1-1: 2-RUN HOME RUN (Flyball, 7LD), Distance : 370 ft
Friday, December 30th, 2016 - OOTP Baseball 17.12 Build 75